 Dungeon Crawl Stone Soup version 0.23.2 (webtiles) character file.

Game seed: 4200520037022565455

9020 PikkenKukken the Grappler (level 11, -2/111 HPs)
             Began as a Troll Earth Elementalist on Apr 4, 2019.
             Was an Elder of Okawaru.
             Slain by a titan skeleton (21 damage)
             ... on level 1 of the Abyss.
             The game lasted 00:21:49 (7818 turns).

PikkenKukken the Grappler (TrEE)                    Turns: 7818, Time: 00:21:49

Health: -2/111     AC: 10    Str: 18    XL:     11   Next: 17%
Magic:  0/12       EV: 18    Int: 14    God:    Okawaru [****..]
Gold:   504        SH:  0    Dex: 15    Spells: 8/12 levels left

rFire    . . .     SeeInvis .     - Unarmed
rCold    . . .     Gourm    +   (no shield)
rNeg     . . .     Faith    .   c - +1 robe
rPois    .         Spirit   +   (helmet restricted)
rElec    .         Reflect  .   k - scarf {Spirit}
rCorr    .         Harm     .   (gloves unavailable)
MR       .....                  (boots unavailable)
Stlth    +++.......             i - amulet of regeneration
HPRegen  1.08/turn              l - +3 ring of protection
MPRegen  0.13/turn              w - +5 ring of dexterity

@: heroism, lightly drained
A: large, unfitting armour, claws 3, fast metabolism 3, gourmand, regeneration
1, shaggy fur 1, tough skin 3
a: Heroism, Renounce Religion


You were on level 1 of the Abyss.
You worshipped Okawaru.
Okawaru was greatly pleased with you.
You were completely stuffed.

You visited 2 branches of the dungeon, and saw 11 of its levels.
You visited the Abyss 1 time.

You collected 504 gold pieces.

Inventory:

Hand Weapons
 y - a +0 giant club
Missiles
 b - 218 stones
 C - 6 javelins of returning (quivered)
 E - 5 poisoned javelins
Armour
 c - a +1 robe (worn)
 k - a scarf of spirit shield (worn)
 G - a +2 cloak
Jewellery
 i - an amulet of regeneration (around neck)
 l - a +3 ring of protection (left claw)
 p - an uncursed ring of protection from fire
 w - a +5 ring of dexterity (right claw)
 x - an uncursed ring of positive energy
 F - an uncursed ring of see invisible
Wands
 r - a wand of flame (46)
 s - a wand of enslavement (13)
 v - a wand of random effects (25)
Scrolls
 a - 3 scrolls of remove curse
 q - 3 scrolls of enchant weapon
 t - a scroll of fear
 u - a scroll of identify
 A - a scroll of enchant armour
 B - a scroll of blinking
Potions
 e - 3 potions of curing
 f - 2 potions of invisibility
 g - a potion of flight
 h - 2 potions of might
 j - 3 potions of brilliance
 m - a potion of lignification
 z - 2 potions of agility
 D - a potion of mutation {unknown}
Comestibles
 d - 18 rations


   Skills:
 + Level 7.8(12.8) Fighting
 - Level 5.0(9.9) Throwing
 - Level 8.0(12.9) Dodging
 - Level 1.0(5.9) Stealth
 + Level 9.3(14.3) Unarmed Combat
 - Level 1.2 Spellcasting
   Level 0.6(0.5) Transmutations
 - Level 2.6 Earth Magic
 - Level 3.0 Invocations


You had 8 spell levels left.
You knew the following spells:

 Your Spells              Type           Power        Failure   Level  Hunger
a - Sandblast             Erth           #.....       9%          1    ##.....
b - Regeneration          Chrm/Necr      #.........   61%         3    ####...

Your spell library contained the following spells:

 Spells                   Type           Power        Failure   Level  Hunger
 Passwall                 Tmut/Erth      #.......     21%         2    ###....
 Animate Skeleton         Necr           N/A          26%         1    ##.....
 Magic Dart               Conj           #...         26%         1    ##.....
 Pain                     Necr           #...         26%         1    ##.....
 Blink                    Tloc           N/A          36%         2    ###....
 Call Imp                 Summ           #.......     36%         2    ###....
 Slow                     Hex            #.......     36%         2    ###....
 Stone Arrow              Conj/Erth      #.....       41%         3    ####...
 Conjure Flame            Conj/Fire      #.......     61%         3    ####...
 Mephitic Cloud           Conj/Pois/Air  #.......     61%         3    ####...
 Vampiric Draining        Necr           #.........   61%         3    ####...
 Petrify                  Tmut/Erth      #.......     80%         4    #####..
 Lee's Rapid Deconstruct  Erth           #.........   94%         5    ######.
 Animate Dead             Necr           N/A          95%         4    #####..


Dungeon Overview and Level Annotations

Branches:
Dungeon (10/15)            Temple (1/1) D:5             Orc (0/2) D:9
   Lair: D:8-11

Altars:
Cheibriados
Fedhas
Gozag
Hepliaklqana
Kikubaaqudgha
Makhleb
Okawaru
Qazlal
Ru
Sif Muna
Trog
Uskayaw
Vehumet
Xom
Yredelemnul
Zin
The Shining One
Lugonu

Annotations:
D:7 4 transporters, Dowan; Duvessa; spacerossing's ghost, novice FoFi


Innate Abilities, Weirdness & Mutations

You are too large for most types of armour.
You have claws for hands.
Your metabolism is lightning-fast.
You like to eat raw meat.
Your natural rate of healing is unusually fast.
You are covered in fur. (AC +1)
You have extremely tough skin. (AC +3)


Message History

You mangle the titan skeleton!!
The titan skeleton is moderately damaged.
The insubstantial wisp hits you but does no damage.
The insubstantial wisp barely misses you.
The titan skeleton hits you!
* * * LOW HITPOINT WARNING * * *
You claw the titan skeleton! x2
The titan skeleton is heavily damaged.
Unknown command.
You mangle the titan skeleton!!
The titan skeleton is severely damaged.
The insubstantial wisp hits you!
* * * LOW HITPOINT WARNING * * *
The insubstantial wisp blinks!
The insubstantial wisp thrums sharply.
The titan skeleton is struck by an arc of lightning.
You are struck by an arc of lightning.
* * * LOW HITPOINT WARNING * * *
The titan skeleton hits you!!
You die...

# .##. ###.
.# ##..# #
...#.#. #..
##.. .#
###..#. ...#
. ....#...
.# #.... .
....... .#
..#.. .#
...##... ..
#...###...
###.#. .. #
#.
#.....#.## #
.
###...#.ยง#
.. #.
...v....@#
## .
.#.#.#Zv...#
#.
.#.v.......#
#.......#.##
#.#.#.#...
..
#.....##.#.
.. ####.##
##[# # .. .


You could see 3 insubstantial wisps and a titan skeleton.

Vanquished Creatures
  3 two-headed ogres
  Pikel (D:7)
  Joseph (D:9)
  A smoke demon (Abyss:1)
  A troll (D:9)
  Prince Ribbit (D:7)
  A hippogriff (D:9)
  Sigmund (D:2)
  6 yaks (D:9)
  A water moccasin (D:9)
  2 ice beasts
  3 phantoms
  8 orc warriors
  2 sky beasts
  A necrophage (D:10)
  5 ogres
  3 centaurs
  A big kobold (D:8)
  Blork the orc (D:5)
  3 bullfrogs
  A wyvern skeleton (D:10)
  3 wights (D:8)
  5 howler monkeys
  4 crimson imps
  A bullfrog zombie (D:5)
  2 centaur zombies
  6 orc priests
  2 hounds
  15 orc wizards
  2 centaur skeletons
  3 iguanas
  9 worker ants
  2 hound zombies
  A hound skeleton (D:5)
  5 gnolls
  A worker ant zombie (D:5)
  16 adders
  2 oozes
  An adder skeleton (D:4)
  3 worms
  A dart slug (D:3)
  10 leopard geckos
  53 orcs
  2 ball pythons
  7 bats
  3 giant cockroaches
  8 goblins
  14 hobgoblins
  13 jackals
  4 quokkas
  8 frilled lizards
  13 kobolds
  A leopard gecko zombie (D:6)
  5 rats
272 creatures vanquished.

Vanquished Creatures (others)
  2 slaves (D:7)
  A worker ant (D:7)
  3 orcs (D:7)
6 creatures vanquished.

Grand Total: 278 creatures vanquished

Notes
Turn   | Place    | Note
-------+----------+-------------------------------------------
     0 | D:1      | PikkenKukken the Troll Earth Elementalist began the quest
                  | for the Orb.
     0 | D:1      | Reached XP level 1. HP: 16/16 MP: 1/1
   164 | D:1      | Reached XP level 2. HP: 23/26 MP: 2/2
   253 | D:1      | Reached skill level 1 in Unarmed Combat
   338 | D:1      | Reached skill level 1 in Throwing
   411 | D:1      | Reached XP level 3. HP: 31/32 MP: 3/3
   926 | D:2      | Reached skill level 1 in Fighting
  1131 | D:2      | Found a glowing silver altar of Zin.
  1284 | D:2      | Reached XP level 4. HP: 41/41 MP: 4/4
  1431 | D:2      | Found a blossoming altar of Fedhas.
  1444 | D:2      | Noticed Sigmund
  1479 | D:2      | Killed Sigmund
  1479 | D:2      | Reached skill level 2 in Unarmed Combat
  1479 | D:2      | Reached XP level 5. HP: 13/49 MP: 1/5
  1543 | D:2      | Found a burning altar of Makhleb.
  1857 | D:2      | Found a faded altar of an unknown god.
  2026 | D:3      | Reached XP level 6. HP: 57/57 MP: 4/6
  2086 | D:3      | Reached skill level 3 in Unarmed Combat
  3494 | D:5      | Entered Level 5 of the Dungeon
  3503 | D:5      | Reached XP level 7. HP: 51/66 MP: 5/7
  3506 | D:5      | Found an ancient bone altar of Kikubaaqudgha.
  3669 | D:5      | Found a staircase to the Ecumenical Temple.
  3681 | Temple   | Entered the Ecumenical Temple
  3727 | Temple   | Became a worshipper of Warmaster Okawaru
  3767 | D:5      | Reached skill level 4 in Unarmed Combat
  3865 | D:5      | Reached skill level 1 in Invocations
  4077 | D:5      | Noticed Blork the orc
  4083 | D:5      | Killed Blork the orc
  4083 | D:5      | Reached XP level 8. HP: 72/75 MP: 8/8
  4288 | D:6      | Reached * piety under Okawaru
  4626 | D:6      | Found a shadowy altar of Dithmenos.
  4629 | D:6      | Found a shimmering altar of Xom.
  4629 | D:6      | Found a snail-covered altar of Cheibriados.
  4631 | D:6      | Found a basalt altar of Yredelemnul.
  4631 | D:6      | Found a shimmering altar of Xom.
  4631 | D:6      | Found an ancient bone altar of Kikubaaqudgha.
  4871 | D:7      | Noticed Pikel
  4880 | D:7      | Killed Pikel
  4880 | D:7      | Reached ** piety under Okawaru
  4880 | D:7      | Reached skill level 5 in Unarmed Combat
  4952 | D:6      | Reached XP level 9. HP: 50/85 MP: 4/10
  5044 | D:7      | Reached skill level 5 in Throwing
  5044 | D:7      | Reached skill level 5 in Dodging
  5153 | D:7      | Found a glowing golden altar of the Shining One.
  5178 | D:7      | Found a sacrificial altar of Ru.
  5202 | D:7      | Reached skill level 6 in Unarmed Combat
  5250 | D:7      | Found a transporter.
  5255 | D:7      | Noticed Duvessa
  5256 | D:7      | Found a corrupted altar of Lugonu.
  5256 | D:7      | Found a transporter.
  5256 | D:7      | Noticed a brown ugly thing
  5256 | D:7      | Noticed a green ugly thing
  5257 | D:7      | Noticed Dowan
  5281 | D:7      | Reached *** piety under Okawaru
  5281 | D:7      | Reached skill level 5 in Fighting
  5295 | D:7      | Noticed a moth of wrath
  5298 | D:7      | Noticed Prince Ribbit
  5299 | D:7      | Found a bloodstained altar of Trog.
  5299 | D:7      | Noticed spacerossing's ghost (novice FoFi)
  5304 | D:7      | Killed Prince Ribbit
  5313 | D:7      | Found a transporter.
  5316 | D:7      | Found a transporter.
  5458 | D:7      | Noticed a cyan ugly thing
  5829 | D:8      | Learned a level 3 spell: Regeneration
  6172 | D:8      | Reached skill level 7 in Unarmed Combat
  6465 | D:9      | Reached XP level 10. HP: 89/98 MP: 8/11
  6507 | D:9      | Reached **** piety under Okawaru
  6621 | D:9      | Noticed Joseph
  6655 | D:9      | Killed Joseph
  6720 | D:9      | Reached skill level 8 in Unarmed Combat
  6785 | D:9      | Noticed a two-headed ogre
  6792 | D:9      | Received a gift from Okawaru
  6843 | D:8      | Killed a two-headed ogre
  6843 | D:8      | Reached ***** piety under Okawaru
  7096 | D:9      | Found a staircase to the Orcish Mines.
  7159 | D:9      | Received a gift from Okawaru
  7238 | D:9      | Noticed a two-headed ogre
  7243 | D:9      | Killed a two-headed ogre
  7243 | D:9      | Reached skill level 9 in Unarmed Combat
  7250 | D:9      | Found a stormy altar of Qazlal.
  7373 | D:9      | Reached XP level 11. HP: 85/109 MP: 8/12
  7463 | D:10     | Entered Level 10 of the Dungeon
  7504 | D:10     | Noticed a two-headed ogre
  7510 | D:10     | Killed a two-headed ogre
  7614 | D:10     | Cast into level 1 of the Abyss (gnoll sergeant)
  7709 | Abyss:1  | Found a corrupted altar of Lugonu.
  7762 | Abyss:1  | Noticed a profane servitor
  7818 | Abyss:1  | Slain by a titan skeleton

Skill      XL: |  1  2  3  4  5  6  7  8  9 10 11 |
---------------+----------------------------------+-----
Unarmed Combat | 1 2 3 4 5 7 9 |  9.3
Throwing       | 1 2 3 4 5 |  5.0
Dodging        | 2 3 4 6 7 8 |  8.0
Fighting       | 1 2 3 4 6 7 |  7.8
Invocations    | 1 3 |  3.0
Stealth        | |  1.0
Spellcasting   | |  1.2
Transmutations | |  0.6
Earth Magic    | |  2.6

Action                   |  1- 3 |  4- 6 |  7- 9 | 10-12 || total
-------------------------+-------+-------+-------+-------++-------
Melee: Unarmed           |   132 |   229 |   459 |   178 ||   998
       Punch             |     1 |     1 |     9 |    10 ||    21
Throw: Javelin           |       |       |       |    11 ||    11
 Cast: Sandblast         |     9 |     7 |     2 |     1 ||    19
Invok: Heroism           |       |       |    11 |    12 ||    23
  Use: Scroll            |     6 |     7 |     5 |     4 ||    22
       Potion            |       |     1 |       |       ||     1
 Stab: Sleeping          |       |       |     4 |     1 ||     5
  Eat: Chunk             |    18 |    20 |    28 |    13 ||    79
Armor: Robe              |    60 |    80 |   142 |    32 ||   314
Dodge: Dodged            |    80 |    80 |   240 |    75 ||   475
